 Dungeon Crawl Stone Soup version 0.29-a0-925-g0a7a3d12f8 (webtiles) character file.

Game seed: 3697683057916207463

1 RevDB the Trooper (level 1, 0/20 HPs)
             Began as a Minotaur Fighter on July 29, 2022.
             Slain by a goblin
             ... wielding a +0 club
              (3 damage)
             ... on level 1 of the Dungeon.
             The game lasted 00:00:22 (23 turns).

RevDB the Trooper (Minotaur Fighter)                  Turns: 23, Time: 00:00:23

Health: 0/20       AC:  6    Str: 20    XL:     1   Next: 16%
Magic:  0/0        EV:  9    Int:  5    God:
Gold:   0          SH:  4    Dex:  9    Spells: 0/0 levels left

rFire   . . .      SeeInvis .   a - +0 flail
rCold   . . .      Faith    .   c - +0 buckler
rNeg    . . .      Spirit   .   b - +0 scale mail
rPois   .          Reflect  .   (helmet restricted)
rElec   .          Harm     .   (no cloak)
rCorr   .          Rampage  .   (no gloves)
Will    .....                   (no boots)
Stlth   ..........              (no amulet)
HPRegen 0.06/turn               (no ring)
MPRegen 0.07/turn               (no ring)

@: no status effects
A: horns 2, retaliatory headbutt
a: no special abilities


You were on level 1 of the Dungeon.
You visited 1 branch of the dungeon, and saw 1 of its levels.

Inventory:

Hand Weapons
 a - a +0 flail (weapon)
Armour
 b - a +0 scale mail (worn)
 c - a +0 buckler (worn)
Potions
 d - a potion of might


   Skills:
 + Level 3.7 Fighting
 - Level 2.4 Maces & Flails
 - Level 3.6 Armour
 - Level 3.6 Shields


You couldn't memorise any spells.
You didn't know any spells.
Your spell library was empty.

Dungeon Overview and Level Annotations

Branches:
Dungeon (1/15)

Altars:


Innate Abilities, Weirdness & Mutations

You have a pair of horns on your head.
You reflexively headbutt those who attack you in melee.


Message History

You barely miss the goblin.
The goblin is moderately wounded.
The goblin hits you but does no damage. x2; The goblin hits you with a +0 club.
You hit the goblin.
The goblin is severely wounded.
The goblin closely misses you. The goblin barely misses you.
You block the goblin's attack.
You closely miss the goblin.
The goblin is severely wounded.
The goblin misses you. The goblin hits you with a +0 club. x2
The quokka bites you. The goblin hits you with a +0 dagger.
You block the goblin's attack. The goblin hits you with a +0 club.
The quokka closely misses you.
You barely miss the goblin.
The goblin is heavily wounded.
You block the quokka's attack. The goblin completely misses you.
The goblin closely misses you. The goblin hits you with a +0 club.
You hit the goblin.
The goblin is severely wounded.
The quokka closely misses you. The goblin hits you with a +0 dagger.
The goblin closely misses you. The goblin hits you with a +0 club.
* * * LOW HITPOINT WARNING * * *
The quokka bites you but does no damage.
You sock the goblin!
You kill the goblin!
The goblin hits you but does no damage. You block the goblin's attack.
The quokka barely misses you. You block the goblin's attack.
The goblin misses you.
You barely miss the goblin. Your headbutt misses the goblin.
The quokka bites you but does no damage.
The goblin hits you but does no damage. The goblin barely misses you.
You block the quokka's attack.
You barely miss the goblin. The quokka closely misses you.
The goblin hits you but does no damage. The goblin completely misses you.
The dart slug launches a dart at you.
The slug dart hits you but does no damage.
You closely miss the goblin.
The quokka bites you but does no damage.
The goblin closely misses you. The goblin hits you with a +0 club.
You die...

...... ...... ......
......#######
....?...#...##
...#.........#######.
......g)r.....#......
......g@.............
......w.............
####............♣♣♣♣♣♣♣♣
##...#...#...♣<......
#########...♣.PPPPP.
#.....P≈≈≈P.
##..♣.P≈8≈P.
#...♣.P≈≈≈P.
#...♣.PPPPP.


You could see a dart slug, a quokka and 2 goblins.

Vanquished Creatures
  A goblin (D:1)
1 creature vanquished.

Notes
Turn   | Place    | Note
-------+----------+-------------------------------------------
     0 | D:1      | RevDB the Minotaur Fighter began the quest for the Orb.
     0 | D:1      | Reached XP level 1. HP: 19/19 MP: 0/0
    23 | D:1      | Slain by a goblin

Illustrated notes

Levels and vault maps discovered:
D:1:      tarquinn_simple_flora_water_a, layout_rooms

Action                   || total
-------------------------++-------
Melee: Flail             ||    13
       Headbutt          ||     1
Armor: Scale mail        ||    11
Dodge: Dodged            ||    16
Block: Buckler           ||     6

Table legend: (Time is in decaauts)
 A = Elapsed time spent in this place.
 B = Non-inter-level travel time spent in this place.
 C = Inter-level travel time spent in this place.
 D = Time resting spent in this place.
 E = Time spent auto-exploring this place.
 F = Levels seen in this place.
 G = Mean time per level.
                   A        B        C        D        E       F      G
               +--------+--------+--------+--------+--------+-----+--------+
         Total |     26 |     26 |      0 |      0 |      0 |   1 |   26.0 |
       Dungeon |     26 |     26 |      0 |      0 |      0 |   1 |   26.0 |
               +--------+--------+--------+--------+--------+-----+--------+

Top non-repeatable levels by time:
     D:1: 26 daAuts
